 Dungeon Crawl Stone Soup version 0.24.1-14-gf8d2b509d9 (webtiles) character file.

Game seed: 14416895572830522273, levelgen mode: deterministic

333 Gabide the Cudgeler (level 6, -4/47 HPs)
             Began as a Human Fighter on May 17, 2020.
             Killed from afar by a dart slug (7 damage)
             ... with a slug dart
             ... on level 2 of the Dungeon.
             The game lasted 00:05:20 (1921 turns).

Gabide the Cudgeler (Human Fighter)                 Turns: 1921, Time: 00:05:20

Health: -4/47      AC:  8    Str: 18    XL:     6   Next: 82%
Magic:  6/6        EV:  7    Int:  8    God:
Gold:   141        SH:  9    Dex: 13    Spells: 5/5 levels left

rFire    . . .     SeeInvis .   j - +1 mace (protect)
rCold    . . .     Gourm    .   c - +0 shield
rNeg     . . .     Faith    .   b - +0 scale mail
rPois    .         Spirit   .   (no helmet)
rElec    .         Reflect  .   (no cloak)
rCorr    .         Harm     .   (no gloves)
MR       +....                  g - +0 pair of boots
Stlth    ..........             (no amulet)
HPRegen  0.15/turn              e - ring of protection from magic
MPRegen  0.10/turn              (no ring)

@: no status effects
A: no striking features
a: no special abilities


You were on level 2 of the Dungeon.
You were hungry.

You visited 1 branch of the dungeon, and saw 3 of its levels.

You collected 141 gold pieces.

Inventory:

Hand Weapons
 a - a +0 flail
 j - a +1 mace of protection (weapon)
Armour
 b - a +0 scale mail (worn)
 c - a +0 shield (worn)
 g - a +0 pair of boots (worn)
Jewellery
 e - a ring of protection from magic (left hand)
 k - an uncursed ring of protection from magic
Wands
 d - a wand of digging (4)
Potions
 l - a potion of brilliance
Comestibles
 f - 4 rations


   Skills:
 + Level 3.6 Fighting
 * Level 4.9 Maces & Flails
 + Level 3.9 Armour
 + Level 1.1 Dodging
 + Level 0.4 Stealth
 + Level 3.9 Shields


You had 5 spell levels left.
You didn't know any spells.
Your spell library was empty.

Dungeon Overview and Level Annotations

Branches:
Dungeon (3/15)

Altars:


Message History

The gnoll is almost dead.
The gnoll barely misses you.
You hit the gnoll.
You kill the gnoll!
The gnoll hits you from afar with a +0 halberd.
* * * LOW HITPOINT WARNING * * *
The dart slug bites you but does no damage.
You block the gnoll's attack.
You hit the gnoll but do no damage. The gnoll hits you with a +0 halberd!
* * * LOW HITPOINT WARNING * * *
The dart slug bites you but does no damage.
You closely miss the gnoll. The gnoll barely misses you.
The dart slug bites you but does no damage.
The gnoll hits you from afar with a +0 halberd.
* * * LOW HITPOINT WARNING * * *
Things that are here:
a +0 halberd; a throwing net The dart slug launches a dart at you.
The slug dart hits you!
You die...

............##..)(...........
...#####.........(...........
#..####......................
...................(........#
.#.)###.....^..w...........#
.##[..#...........(.((...###
.####(#.........g.......##
....#(.............(....#
......).........@.......#
....##..................#
......).................#
....>...(...............#
........................#
....###.......<........##
....# #................##
....###.#...............#
##.###..##..............#


You could see a gnoll and a dart slug.

Vanquished Creatures
  Sigmund (D:2)
  An orc priest (D:2)
  Robin (D:2)
  An adder (D:2)
  4 gnolls
  An ooze (D:2)
  A worm (D:2)
  A dart slug (D:2)
  2 leopard geckos
  4 orcs (D:2)
  2 bats (D:2)
  2 giant cockroaches
  18 goblins
  7 hobgoblins (D:2)
  3 jackals (D:1)
  6 kobolds
  A quokka (D:2)
  3 frilled lizards (D:2)
  7 rats
66 creatures vanquished.

Notes
Turn   | Place    | Note
-------+----------+-------------------------------------------
     0 | D:1      | Gabide the Human Fighter began the quest for the Orb.
     0 | D:1      | Reached XP level 1. HP: 18/18 MP: 1/1
   195 | D:1      | Reached XP level 2. HP: 24/24 MP: 2/2
   433 | D:1      | Reached XP level 3. HP: 29/29 MP: 3/3
   723 | D:2      | Noticed Sigmund
   728 | D:2      | Reached skill level 3 in Maces & Flails
   752 | D:2      | Killed Sigmund
   752 | D:2      | Reached skill level 4 in Maces & Flails
   752 | D:2      | Reached XP level 4. HP: 11/35 MP: 4/4
   752 | D:2      | Reached XP level 5. HP: 13/41 MP: 5/5
   752 | D:2      | Reached XP level 6. HP: 15/47 MP: 6/6
   978 | D:2      | Noticed Robin
  1047 | D:2      | Killed Robin
  1047 | D:2      | Reached skill level 1 in Dodging
  1913 | D:2      | HP: 1/47 [gnoll/+0 halberd (4)]
  1921 | D:2      | Killed from afar by a dart slug

Levels and vault maps discovered:
D:1:      co_arrival_hall_of_pillars, layout_basic,
          minmay_misc_feat_secret_circle
D:2:      layout_rooms, uniq_sigmund, uniq_robin
D:3:      layout_basic, lemuel_coloured_pillars_altar, first_ration,
          chequers_ecumenical_altar_island

Skill      XL: |  1  2  3  4  5  6 |
---------------+-------------------+-----
Maces & Flails | 4 |  4.9
Dodging        | 1 |  1.1
Fighting       | |  3.6
Armour         | |  3.9
Stealth        | |  0.4
Shields        | |  3.9

Action                   |  1- 3 |  4- 6 || total
-------------------------+-------+-------++-------
Melee: Flail             |    58 |       ||    58
       Mace              |    43 |   147 ||   190
  Use: Scroll            |     2 |     3 ||     5
       Potion            |     2 |       ||     2
  Eat: Chunk             |       |     3 ||     3
Armor: Scale mail        |    59 |   120 ||   179
Dodge: Dodged            |    44 |    69 ||   113
Block: Shield            |    56 |   125 ||   181
